 Dungeon Crawl Stone Soup version 0.26-a0-466-g989023bd0d (webtiles) character file.

Game seed: 4170345439709527903

212128 1player the Devastator (level 18, -2/107 HPs)
             Began as a Gargoyle Earth Elementalist on Aug 9, 2020.
             Was an Initiate of Gozag.
             Slain by a saltling (13 damage)
             ... in the Desolation of Salt on Aug 10, 2020.
             The game lasted 03:11:38 (47759 turns).

1player the Devastator (GrEE)                      Turns: 47759, Time: 03:11:39

Health: -2/107     AC: 28    Str: 12    XL:     18   Next: 91%
Magic:  13/41      EV: 17    Int: 22    God:    Gozag
Gold:   719        SH: 15    Dex: 16    Spells: 1/38 levels left

rFire    . . .     SeeInvis .   a - staff of earth
rCold    . . .     Faith    .   D - +2 kite shield
rNeg     + . .     Spirit   .   O - +2 robe {MR+}
rPois    ∞         Reflect  .   L - +2 hat
rElec    +         Harm     .   k - +2 cloak {MR+}
rCorr    .                      X - +2 pair of gloves
MR       +....                  F - +2 pair of boots of Zafopp {+Fly rElec Dex+6}
Stlth    ++........             e - amulet of magic regeneration
HPRegen  0.27/turn              N - ring of magical power
MPRegen  0.52/turn              V - ring of wizardry

@: vulnerable, very slightly contaminated
A: big wings, negative energy resistance 1, electricity resistance, weak 1,
unbreathing, petrification resistance, rot immunity, AC +13
}: 1/15 runes: serpentine
a: Fly, Potion Petition, Call Merchant, Bribe Branch, Renounce Religion, Evoke
Flight


You were in the Desolation of Salt.
You worshipped Gozag.
Gozag was pleased with you.
You visited 7 branches of the dungeon, and saw 29 of its levels.
You visited the Abyss 1 time.
You also visited: Desolation.

You collected 12064 gold pieces.
You spent 6178 gold pieces at shops.
You paid 5167 gold pieces to Gozag.

Inventory:

Hand Weapons
 w - the +9 war axe of Inconvenience {antimagic, rElec MR+}
   (You found it on level 4 of the Snake Pit)

   It reduces the magical energy of the wielder, and disrupts the spells and
   magical abilities of those hit.
   Natural abilities and divine invocations are not affected.
   It insulates you from electricity.
   It affects your resistance to hostile enchantments.
Armour
 k - a +2 cloak of magic resistance (worn)
 D - a +2 kite shield (worn)
 F - the +2 pair of boots of Zafopp (worn) {+Fly rElec Dex+6}
   (You found it on level 8 of the Dungeon)

   It affects your dexterity (+6).
   It insulates you from electricity.
   It lets you fly.
 L - a +2 hat (worn)
 O - a +2 robe of magic resistance (worn)
 X - a +2 pair of gloves (worn)
Magical Staves
 a - an uncursed staff of earth (weapon)
 b - an uncursed staff of conjuration
 p - an uncursed staff of wizardry
Jewellery
 e - an amulet of magic regeneration (around neck)
 l - an uncursed amulet of reflection
 s - the ring of Renk {Ice rPois Int+4}
   (You found it on level 2 of the Snake Pit)

   [ring of ice]

   It enhances your ice magic.
   It affects your intelligence (+4).
   It makes you vulnerable to fire.
   It protects you from cold.
   It protects you from poison.
 C - an uncursed ring of resist corrosion
 J - an uncursed ring of positive energy
 N - a ring of magical power (left hand)
 Q - an uncursed ring of protection from fire
 V - a ring of wizardry (right hand)
Wands
 y - a wand of polymorph (18)
 B - a wand of iceblast (14)
 G - a wand of flame (59)
 I - a wand of disintegration (11)
Scrolls
 h - 8 scrolls of remove curse {@r2}
 i - 12 scrolls of teleportation
 j - a scroll of enchant weapon
 r - 3 scrolls of fog
 t - a scroll of fear
 x - 5 scrolls of immolation
 z - 3 scrolls of magic mapping
 K - a scroll of vulnerability
 U - 2 scrolls of identify {@r1}
 Y - 4 scrolls of torment
Potions
 f - 10 potions of curing {@q1}
 m - 4 potions of might
 n - a potion of mutation {!q}
 o - 6 potions of stabbing
 u - a potion of ambrosia
 v - a potion of berserk rage
 A - a potion of lignification
 E - 2 potions of heal wounds {@q2}
 H - 2 potions of cancellation
 M - 2 potions of brilliance
 P - 3 potions of haste
 R - 2 potions of invisibility
 S - 3 potions of resistance
 W - 2 potions of magic
Miscellaneous
 T - a tin of tremorstones (3/3)


   Skills:
 + Level 10.0 Fighting
 + Level 7.0 Dodging
 - Level 2.1 Stealth
 - Level 15.0 Shields
 - Level 10.9 Spellcasting
 - Level 20.0 Conjurations
 - Level 4.0 Transmutations
 - Level 4.3 Fire Magic
 - Level 4.0 Air Magic
 - Level 18.0 Earth Magic


You had one spell level left.
You knew the following spells:

 Your Spells              Type           Power        Failure   Level
a - Static Discharge      Conj/Air       ######..     1%          3
b - Iron Shot             Conj/Erth      #######...   1%          6
c - Petrify               Tmut/Erth      ######..     1%          4
e - Bolt of Magma         Conj/Fire/Erth #######...   1%          5
f - Apportation           Tloc           ##....       2%          1
q - Stone Arrow           Conj/Erth      ######       0%          3
s - Swiftness             Air            ####....     1%          2
w - Shock                 Conj/Air       ####         1%          1
x - Lee's Rapid Deconstr  Erth           #######...   1%          5
z - Iskenderun's Battles  Conj           #######.     1%          5
A - Passwall              Tmut/Erth      ######..     1%          2

Your spell library contained the following spells:

 Spells                   Type           Power        Failure   Level
 Sandblast                Erth           ######       0%          1
 Animate Skeleton         Necr           ##....       2%          1
 Corona                   Hex            ##.....      2%          1
 Pain                     Necr           ##..         2%          1
 Summon Small Mammal      Summ           ##..         2%          1
 Poisonous Vapours        Pois/Air       ###...       1%          2
 Conjure Flame            Conj/Fire      ######..     1%          3
 Mephitic Cloud           Conj/Pois/Air  #####...     1%          3
 Leda's Liquefaction      Hex/Erth       ######....   1%          4
 Lightning Bolt           Conj/Air       ######....   1%          5
 Orb of Destruction       Conj           #######...   1%          7
 Call Imp                 Summ           ##......     3%          2
 Airstrike                Air            ####......   4%          4
 Confusing Touch          Hex            ##......     7%          3
 Gell's Gravitas          Tloc           ##........   7%          3
 Vampiric Draining        Necr           ##........   7%          3
 Ice Form                 Ice/Tmut       ###.....     10%         4
 Freezing Cloud           Conj/Ice/Air   #####.....   13%         6
 Animate Dead             Necr           ##........   22%         4
 Cause Fear               Hex            ##........   22%         4
 Silence                  Hex/Air        ###.......   26%         5
 Yara's Violent Unravell  Hex/Tmut       ###.......   26%         5
 Spellforged Servitor     Conj/Summ      ######....   30%         7
 Agony                    Necr           ##......     50%         5
 Metabolic Englaciation   Hex/Ice        ##........   50%         5
 Summon Mana Viper        Hex/Summ       ##......     50%         5
 Shatter                  Erth           #######...   77%         9
 Ozocubu's Refrigeration  Ice            ##........   96%         6
 Shadow Creatures         Summ           N/A          96%         6
 Simulacrum               Ice/Necr       ##........   96%         6
 Discord                  Hex            ##........   100%        8
 Statue Form              Tmut/Erth      Unusable     N/A         6

Dungeon Overview and Level Annotations

Branches:
Dungeon (13/15)            Temple (1/1) D:4            Lair (6/6) D:8
 Shoals (1/4) Lair:4        Snake (4/4) Lair:3        Slime (0/5) Lair:6
    Orc (2/2) D:12            Elf (2/3) Orc:2       Desolation (1/1)
 Vaults: D:13-14

Altars:
Ashenzari
Cheibriados
Dithmenos
Elyvilon
Fedhas
Gozag
Hepliaklqana
Kikubaaqudgha
Makhleb
Nemelex Xobeh
Okawaru
Qazlal
Ru
Sif Muna
Trog
Uskayaw
Vehumet
Wu Jian
Xom
Yredelemnul
Zin
The Shining One
Beogh
Jiyva

Shops:
D:13 !   Orc:2 ?(*=[   Elf:1 *}[}[   Elf:2 }   Lair:1 :   Snake:4 ?**

Annotations:
D:6 exclusion: downstairs
Lair:5 exclusion: oklob plant
Snake:3 Donald
Orc:2 1 runed translucent door, exclusion: 4 orange crystal statues


Innate Abilities, Weirdness & Mutations

You are resistant to torment.
Your stone body is resilient. (AC +13)
You are immune to poison.
Your large and strong wings let you fly indefinitely.
You resist negative energy. (rN+)
You are resistant to electric shocks. (rElec)
You can survive without breathing.
You are immune to petrification.
You are immune to rotting.
You are weak. (Str -2)


Message History

The saltling closely misses you.
Press: ? - help, v - describe, . - travel
Here: a servant of whispers, wielding a +3 quarterstaff and wearing a +0 robe (lightly wounded, stilling the winds)
The floor.
You hit the peacekeeper but do no damage.
You crush the peacekeeper.
The peacekeeper is lightly damaged.
The saltling is no longer distracted by gold.
The guardian serpent is no longer distracted by gold.
You block the saltling's attack.
The peacekeeper bites you but does no damage.
The peacekeeper barely misses you.
The guardian serpent casts a spell at you.
The servant of whispers completely misses you.
The saltling barely misses you.
The saltling hits you but does no damage.
The saltling misses you. You block the saltling's attack.
The saltling hits you!
You die...
Your body crumbles into a pile of gold.

......88p.#=......
..........S#$..S...
.......8.8.#####.##$
.........p..... ..
...........p.... .
........#..8.....
.................
.........8p8.......
.........8@8.......
....#....888.......
...................
...................
...........#.......
...........#........
....................
...................
........∩.........


You could see a ragged hierophant, 2 servants of whispers, a peacekeeper, a
guardian serpent and 8 saltlings.

Vanquished Creatures
  Bai Suzhen (Snake:2)
  Vashnia (Snake:2)
  Agnes (Snake:2)
  Kirke (Snake:2)
  11 nagarajas
  Aizul (Snake:1)
  A deep elf sorcerer (Elf:2)
  Louise (Snake:4)
  An orc warlord (Orc:2)
  A deep elf demonologist (Elf:1)
  A deep elf annihilator (Elf:1)
  2 merfolk impalers (Shoals:1)
  A ragged hierophant (Elf:2)
  Josephine (Lair:4)
  15 naga warriors
  6 hydras
  2 catoblepae (Lair:6)
  10 anacondas
  5 two-headed ogres
  A peacekeeper (Elf:2)
  15 naga sharpshooters
  A tengu warrior (D:13)
  A deep troll shaman (Lair:6)
  2 orc high priests
  4 death yaks (Lair:6)
  Urug (D:10)
  Nergalle (Lair:2)
  9 shock serpents
  A salamander mystic (Snake:4)
  6 deep elf knights
  4 naga ritualists (Snake:4)
  4 harpies (Shoals:1)
  5 deep elf archers
  5 orc knights
  30 deep elf magi
  A lindwurm (Lair:6)
  5 manticores
  7 salamanders
  A cyclops (D:11)
  4 orc sorcerers
  4 ugly things
  8 mana vipers
  26 black mambas
  A merfolk siren (Shoals:1)
  24 naga magi
  A water nymph (Shoals:1)
  9 guardian serpents
  14 elephants
  17 cane toads
  An efreet (D:12)
  3 rime drakes
  4 red devils (D:13)
  2 komodo dragons
  10 trolls
  A hornet (D:11)
  7 merfolk (Shoals:1)
  Prince Ribbit (D:5)
  Grinder (D:4)
  5 saltlings
  4 polar bears
  15 blink frogs
  7 hippogriffs
  5 dream sheep (Lair:4)
  4 wraiths
  2 air elementals (Elf:1)
  A wyvern (D:13)
  A vampire (D:12)
  A water elemental (Shoals:1)
  A fire elemental (Elf:1)
  34 yaks
  3 hogs
  2 basilisks
  A soldier ant (D:12)
  2 wargs (Orc:1)
  59 nagas
  10 water moccasins
  6 porcupines
  5 black bears
  24 orc warriors
  4 ice beasts
  2 sky beasts
  4 phantoms
  An eye of draining (D:13)
  9 centaurs
  A boggart (D:13)
  A necrophage (D:12)
  9 ogres
  4 crocodiles
  20 wolves
  2 big kobolds
  15 bullfrogs
  A gnoll sergeant (D:10)
  A wyvern zombie (D:10)
  6 scorpions
  15 killer bees
  9 wights
  4 howler monkeys
  3 electric eels
  A quasit (D:10)
  8 hounds
  A bullfrog skeleton (D:13)
  16 orc priests
  2 jellies
  31 orc wizards
  2 centaur skeletons
  Natasha (thrice) (D:4)
  13 worker ants
  5 iguanas
  A killer bee zombie (D:7)
  A hound zombie (D:7)
  10 gnolls
  17 adders
  A shadow imp (D:7)
  2 white imps
  2 ufetubi
  2 oozes
  An adder zombie (D:7)
  An adder skeleton (D:7)
  2 worms
  4 dart slugs
  6 leopard geckos
  85 orcs
  4 giant cockroaches
  9 goblins
  11 hobgoblins
  18 jackals
  16 kobolds
  3 quokkas
  7 bats
  3 frilled lizards
  A leopard gecko skeleton (D:4)
  2 quokka zombies
  13 rats
  A fungus (Lair:5)
913 creatures vanquished.

Vanquished Creatures (collateral kills)
  Asterion (Snake:3)
1 creature vanquished.

Vanquished Creatures (others)
  A nagaraja (Snake:4)
  A dancing weapon (Elf:1)
  2 humans (Snake:3)
  10 fungi
  6 plants
20 creatures vanquished.

Grand Total: 934 creatures vanquished

Notes
Turn   | Place    | Note
-------+----------+-------------------------------------------
     0 | D:1      | 1player the Gargoyle Earth Elementalist began the quest for
                  | the Orb.
     0 | D:1      | Reached XP level 1. HP: 10/10 MP: 3/3
   162 | D:1      | Reached XP level 2. HP: 15/15 MP: 1/5
   564 | D:1      | Reached XP level 3. HP: 14/19 MP: 4/6
   567 | D:1      | Reached skill level 5 in Earth Magic
  1243 | D:2      | Learned a level 2 spell: Passwall
  1800 | D:2      | Reached XP level 4. HP: 17/24 MP: 7/7
  3008 | D:3      | Reached XP level 5. HP: 28/28 MP: 6/8
  3901 | D:3      | Reached skill level 1 in Fighting
  4477 | D:4      | Reached XP level 6. HP: 27/36 MP: 7/9
  4610 | D:4      | Got an ancient cloak
  4981 | D:4      | Identified the +1 cloak "Ajixoix" {+Fly rF++ Dex+3} (You
                  | found it on level 4 of the Dungeon)
  5003 | D:4      | Found a staircase to the Ecumenical Temple.
  5016 | Temple   | Entered the Ecumenical Temple
  5280 | Temple   | Became a worshipper of Gozag Ym Sagoz the Greedy
  5508 | D:4      | Noticed Natasha
  5514 | D:4      | Killed Natasha
  5514 | D:4      | Reached skill level 5 in Fighting
  5514 | D:4      | Reached XP level 7. HP: 44/44 MP: 7/10
  5545 | D:4      | Noticed Natasha
  5550 | D:4      | Killed Natasha
  5605 | D:4      | Noticed Grinder
  5612 | D:4      | Killed Grinder
  5617 | D:4      | Learned a level 3 spell: Stone Arrow
  5706 | D:4      | Noticed Natasha
  5711 | D:4      | Killed Natasha
  5711 | D:4      | Reached skill level 1 in Conjurations
  5788 | D:5      | Entered Level 5 of the Dungeon
  5825 | D:5      | Noticed Prince Ribbit
  5991 | D:5      | Reached skill level 2 in Conjurations
  6054 | D:5      | Reached skill level 3 in Conjurations
  6054 | D:5      | Reached XP level 8. HP: 52/52 MP: 8/11
  6089 | D:4      | Reached skill level 4 in Conjurations
  6296 | D:5      | Killed Prince Ribbit
  6296 | D:5      | Reached skill level 5 in Conjurations
  6302 | D:5      | Reached skill level 6 in Conjurations
  6951 | D:6      | Got a sapphire war axe
  7134 | D:6      | Reached skill level 7 in Conjurations
  7409 | D:6      | Reached skill level 8 in Conjurations
  7574 | D:6      | Reached XP level 9. HP: 56/56 MP: 9/12
  8799 | D:7      | Noticed a troll
  8809 | D:7      | Killed a troll
  8983 | D:7      | You fall into a shaft and drop 1 floor!
  9335 | D:8      | Found a staircase to the Lair.
  9336 | D:8      | Got a pair of crude boots
  9346 | D:8      | Identified the +2 pair of boots of Zafopp {+Fly rElec
                  | Dex+6} (You found it on level 8 of the Dungeon)
  9384 | D:8      | Found a shimmering altar of Xom.
  9636 | D:8      | Reached skill level 5 in Dodging
  9721 | D:8      | Reached XP level 10. HP: 63/64 MP: 8/13
 10279 | D:9      | Identified the cursed +1 chain mail "Axaa" {rF- rN+ Dex+5}
 10416 | D:9      | Learned a level 5 spell: Lee's Rapid Deconstruction
 10421 | D:9      | Learned a level 4 spell: Petrify
 10586 | D:9      | Noticed a two-headed ogre
 10592 | D:9      | Killed a two-headed ogre
 10848 | D:10     | Entered Level 10 of the Dungeon
 11101 | D:10     | Reached skill level 10 in Earth Magic
 11148 | D:9      | Reached skill level 1 in Transmutations
 11197 | D:10     | Noticed Urug
 11403 | D:10     | Reached skill level 1 in Shields
 11606 | D:10     | Noticed a two-headed ogre
 11620 | D:10     | Killed a two-headed ogre
 12132 | D:11     | Reached skill level 5 in Spellcasting
 12132 | D:11     | Reached XP level 11. HP: 62/68 MP: 14/18
 12249 | D:11     | Noticed a green ugly thing
 12326 | D:11     | Killed a green ugly thing
 12413 | D:11     | Cast into level 1 of the Abyss (orc wizard)
 12424 | Abyss:1  | Learned a level 2 spell: Swiftness
 12470 | Abyss:1  | Gained mutation: You are weak. (Str -2) [a neqoxec]
 12473 | D:11     | Escaped the Abyss
 12554 | D:11     | Noticed Sonja
 12556 | D:11     | Noticed Sonja
 12556 | D:11     | Sonja changed into Sonja the troll
 12560 | D:11     | Killed Sonja the troll
 12657 | D:11     | Noticed a cyclops
 12720 | D:11     | Killed a cyclops
 13255 | Lair:1   | Entered Level 1 of the Lair of Beasts
 13255 | Lair:1   | Noticed an eight-headed hydra
 13268 | Lair:1   | Killed an eight-headed hydra
 13394 | Lair:1   | Identified the cursed +1 war axe of the End {elec, +Blink
                  | rN++ Str-3 Int+2} (You found it on level 6 of the Dungeon)
 13477 | Lair:1   | Bought a book of Power for 540 gold pieces
 13822 | Lair:1   | Noticed a seven-headed hydra
 13834 | Lair:1   | Killed a seven-headed hydra
 13834 | Lair:1   | Reached skill level 9 in Conjurations
 14764 | Lair:2   | Got a brightly glowing helmet
 14773 | Lair:2   | Identified the -4 helmet of Disaster {Regen+} (You found it
                  | on level 2 of the Lair of Beasts)
 14790 | Lair:2   | Reached skill level 10 in Conjurations
 14890 | Lair:2   | Noticed Nergalle
 14899 | Lair:2   | Killed Nergalle
 14905 | Lair:1   | Reached XP level 12. HP: 73/73 MP: 7/21
 15361 | Lair:1   | Reached skill level 11 in Conjurations
 16154 | Lair:3   | Identified a scroll of acquirement
 16155 | Lair:3   | Acquired an uncursed staff of earth
 16225 | Lair:3   | Found a staircase to the Snake Pit.
 16367 | Lair:3   | Noticed a four-headed hydra
 16723 | Lair:3   | Killed a seven-headed hydra
 16822 | Lair:3   | Reached skill level 12 in Conjurations
 17424 | Lair:4   | Noticed Josephine
 17833 | Lair:4   | Found a staircase to the Shoals.
 18178 | Lair:4   | Reached skill level 13 in Conjurations
 18192 | Lair:4   | Reached XP level 13. HP: 73/78 MP: 11/25
 18399 | Lair:4   | Reached skill level 14 in Conjurations
 18440 | Lair:4   | Killed Josephine
 20761 | Lair:6   | Entered Level 6 of the Lair of Beasts
 20859 | Lair:6   | Reached skill level 15 in Conjurations
 20867 | Lair:6   | Learned a level 5 spell: Iskenderun's Battlesphere
 21475 | Lair:1   | Bought a manual of Shields for 1324 gold pieces
 21785 | Lair:6   | Reached skill level 5 in Shields
 21865 | Lair:6   | Gained mutation: Your large and strong wings let you fly
                  | indefinitely. [Gargoyle growth]
 21865 | Lair:6   | Reached XP level 14. HP: 76/84 MP: 23/26
 21953 | Lair:6   | Found a viscous altar of Jiyva.
 21953 | Lair:6   | Found a staircase to the Slime Pits.
 22906 | Lair:6   | Reached skill level 10 in Shields
 23951 | D:10     | Killed Urug
 24512 | D:12     | Found a stormy altar of Qazlal.
 24698 | D:12     | You fall into a shaft and drop 1 floor!
 24698 | D:13     | Found Cunnemo's Distillery.
 25051 | D:12     | Found a staircase to the Orcish Mines.
 25890 | D:13     | Bought a potion of haste for 170 gold pieces
 25890 | D:13     | Bought a potion of cancellation for 136 gold pieces
 25890 | D:13     | Bought a potion of mutation for 136 gold pieces
 25890 | D:13     | Bought a potion of brilliance for 68 gold pieces
 25890 | D:13     | Bought a potion of experience for 850 gold pieces
 25890 | D:13     | Reached XP level 15. HP: 90/90 MP: 27/27
 27035 | Orc:1    | Entered Level 1 of the Orcish Mines
 27426 | Orc:1    | Reached skill level 15 in Shields
 27456 | Orc:1    | Found a roughly hewn altar of Beogh.
 27939 | Orc:1    | Paralysed by an orc sorcerer for 2 turns
 28176 | Orc:2    | Entered Level 2 of the Orcish Mines
 28552 | Orc:2    | Reached XP level 16. HP: 96/96 MP: 22/28
 28828 | Orc:2    | Found a staircase to the Elven Halls.
 29069 | Orc:2    | Reached skill level 15 in Earth Magic
 29303 | Orc:2    | Found a roughly hewn altar of Beogh.
 29340 | Orc:2    | Found Mubuoss's General Store.
 29445 | Orc:2    | Found Veufoelo's Antique Weapon Shoppe.
 29448 | Orc:2    | Found Edilul's Jewellery Shoppe.
 29541 | Orc:2    | Found Juamuif's Antique Armour Shoppe.
 29579 | Orc:2    | Found a runed translucent door.
 29595 | Orc:2    | Found a runed translucent door.
 30174 | Orc:2    | Bought 3 scrolls of acquirement for 1872 gold pieces
 30174 | Orc:2    | Bought a scroll of amnesia for 42 gold pieces
 30175 | Orc:2    | Acquired a book of the Earth
 30177 | Orc:2    | Acquired an uncursed staff of conjuration
 30178 | Orc:2    | Acquired a +0 cloak of magic resistance
 30201 | Orc:2    | Learned a level 1 spell: Shock
 30207 | Orc:2    | Learned a level 4 spell: Leda's Liquefaction
 30418 | Snake:1  | Entered Level 1 of the Snake Pit
 30552 | Snake:1  | Reached skill level 16 in Conjurations
 31003 | Orc:2    | Learned a level 3 spell: Static Discharge
 31244 | Snake:1  | Reached skill level 10 in Fighting
 31330 | Snake:1  | Acquired 1230 gold pieces
 31343 | Snake:1  | Reached skill level 1 in Air Magic
 31678 | Snake:1  | Noticed Aizul
 31719 | Snake:1  | Killed Aizul
 32353 | Snake:2  | Noticed a nagaraja
 32526 | Snake:2  | Noticed Vashnia
 32836 | Snake:2  | Killed a nagaraja
 33283 | Snake:2  | Noticed a nagaraja
 33738 | Snake:2  | Got a smoking lapis lazuli ring
 33752 | Snake:2  | Identified the ring of Renk {Ice rPois Int+4} (You found it
                  | on level 2 of the Snake Pit)
 34103 | Snake:2  | Killed a nagaraja
 34194 | Snake:2  | Killed Vashnia
 34718 | Snake:3  | Noticed Kirke
 34718 | Snake:3  | Noticed Asterion
 34724 | Snake:2  | Reached XP level 17. HP: 73/102 MP: 24/30
 34836 | Snake:2  | Learned a level 5 spell: Bolt of Magma
 34853 | Snake:3  | Noticed Agnes
 34863 | Snake:2  | Killed Agnes
 34863 | Snake:2  | Reached skill level 10 in Spellcasting
 35174 | Snake:3  | Noticed Bai Suzhen
 35448 | Snake:2  | Killed Bai Suzhen
 35787 | Snake:2  | Killed Kirke
 35993 | Snake:3  | Noticed an Executioner
 36191 | Snake:3  | Noticed Donald
 36238 | Snake:3  | Learned a level 1 spell: Apportation
 36507 | Orc:2    | Got a faintly glowing tower shield
 36596 | Orc:1    | Identified the +6 tower shield of Husuzuc {rF+ rC++} (You
                  | found it on level 2 of the Orcish Mines)
 36898 | Snake:3  | Killed Asterion
 37785 | Snake:4  | Entered Level 4 of the Snake Pit
 37941 | Snake:4  | Noticed Louise
 37946 | Snake:4  | Killed Louise
 39502 | Snake:4  | Reached skill level 17 in Conjurations
 40862 | Snake:4  | Reached skill level 18 in Conjurations
 41180 | Snake:4  | Reached XP level 18. HP: 107/107 MP: 30/32
 42108 | Snake:4  | Got a translucent war axe
 42109 | Snake:4  | Identified the +9 war axe of Inconvenience {antimagic,
                  | rElec MR+} (You found it on level 4 of the Snake Pit)
 42122 | Snake:4  | Found a runed translucent door.
 43324 | Snake:4  | Got a serpentine rune of Zot
 43373 | Snake:4  | Bought a scroll of acquirement for 1040 gold pieces
 43374 | Snake:4  | Acquired an uncursed staff of wizardry
 43531 | Shoals:1 | Entered Level 1 of the Shoals
 44136 | Shoals:1 | Reached skill level 19 in Conjurations
 44794 | Elf:1    | Entered Level 1 of the Elven Halls
 45784 | Elf:1    | Identified the Guide on the Entourage
 45953 | Elf:1    | Found Ylodghet's Gadget Boutique.
 45953 | Elf:1    | Found Hocw's Antique Armour Shop.
 45955 | Elf:1    | Found Leb Leoq's Armour Boutique.
 45956 | Elf:1    | Found Siomusas's Gadget Shop.
 46453 | Elf:1    | Found Ettucsi's Assorted Antiques.
 47175 | Elf:2    | Found Cofyenae's Gadget Shop.
 47396 | Elf:2    | Found a ruined gateway.
 47445 | Elf:2    | Reached skill level 20 in Conjurations
 47675 | Elf:1    | Learned a level 6 spell: Iron Shot
 47716 | Desolati | Entered the Desolation of Salt
 47759 | Desolati | Slain by a saltling

Illustrated notes

Levels and vault maps discovered:
D:1:      minmay_arrival_jagged, layout_rooms, minmay_ruptured
D:2:      layout_basic
D:3:      layout_basic
D:4:      layout_loops_ring, minmay_temple_entry_stoned_glass, uniq_natasha,
          uniq_grinder
D:5:      layout_loops_ring, uniq_prince_ribbit1
D:6:      layout_basic
D:7:      layout_cave_pools, minmay_checkerbox
D:8:      layout_loops_cross, nicolae_overflow_crystal_walls, lair_entry_dummy,
          roderic_roman_lattice
D:9:      layout_basic
D:10:     layout_gridville, uniq_urug
D:11:     layout_roguey, kennysheep_generic_room_12, uniq_sonja
D:12:     layout_roguey, erik_orc_3, david_defended_altar_elf
D:13:     hangedman_arrow_trap, layout_basic, serial_shops, shop,
          einodemon_armed_red_devil_minivault
Temple:   nicolae_temple_the_god_donut
Lair:1:   layout_cave_pods, serial_bayou_shore_a
Lair:2:   layout_gridlike, minivault_24, grunt_forest_stairs_basic,
          lemuel_fruit_tree, serial_bayou_shore_b, uniq_nergalle
Lair:3:   layout_concentric_octagons, guppyfry_snake_entry_garden,
          grunt_megastairs_1
Lair:4:   layout_layer_cave, minmay_shoals_entry_beasts, uniq_josephine
Lair:5:   layout_regular_city, gammafunk_lair_bear_cave
Lair:6:   grunt_lair_end_beastmaster, layout_gridlike,
          dpeg_slime_entry_enclosed_altar, chequers_serial_rivers_room_b
Shoals:1: layout_shoals
Snake:1:  layout_gridlike, uniq_aizul
Snake:2:  layout_onion_interference, uniq_vashnia
Snake:3:  layout_cave_pods, st_stairs_7, drop_trap, uniq_kirke, uniq_asterion,
          uniq_agnes, uniq_donald, uniq_bai_suzhen
Snake:4:  johnstein_snake_rune_scales, layout_onion_interference, drop_trap,
          lightli_airlock, grunt_megastairs_2, uniq_louise
Orc:1:    layout_caves, bh_open_orc_temple
Orc:2:    grunt_orc_cross, layout_caves, chequers_guarded_unrand_ignorance
Elf:1:    eino_elf_arrival_sip, layout_geoelf_octagon, serial_shops,
          nicolae_shop_overgrown_old_shop, minmay_elf_demonology,
          minmay_shoptagon
Elf:2:    layout_loops_cross, serial_shops, shop, portal_desolation_entry_salt
Desolation

Skill      XL: |  1  2  3  4  5  6  7  8  9 10 11 12 13 14 15 16 17 18 |
---------------+-------------------------------------------------------+-----
Earth Magic    | 4 5 6 7 10 12 14 16 18 | 18.0
Fighting       | 2 5 6 8 9 10 | 10.0
Conjurations   | 3 8 10 13 15 16 18 20 | 20.0
Dodging        | 5 6 7 |  7.0
Spellcasting   | 5 6 8 9 10 | 10.9
Transmutations | 2 4 |  4.0
Shields        | 4 5 14 15 | 15.0
Air Magic      | 4 |  4.0
Fire Magic     | 4 |  4.3
Stealth        | |  2.1

Action                   |  1- 3 |  4- 6 |  7- 9 | 10-12 | 13-15 | 16-18 || total
-------------------------+-------+-------+-------+-------+-------+-------++-------
Melee: Dagger            |   124 |   181 |    89 |       |       |    19 ||   413
       Flail             |       |       |    46 |    73 |       |       ||   119
       Whip              |       |       |       |    18 |       |       ||    18
       War axe           |       |       |       |    13 |    21 |     2 ||    36
       Staff             |       |       |       |     4 |     6 |     1 ||    11
       Demon trident     |       |       |       |       |       |     4 ||     4
Throw: Javelin           |       |       |     1 |       |       |       ||     1
 Cast: Sandblast         |    22 |    75 |   139 |    98 |   148 |     9 ||   491
       Stone Arrow       |       |       |    31 |   232 |   454 |   431 ||  1148
       Lee's Rapid Decon |       |       |       |     3 |    56 |   237 ||   296
       Petrify           |       |       |       |     3 |     1 |     5 ||     9
       Swiftness         |       |       |       |     2 |     2 |     7 ||    11
       Iskenderun's Batt |       |       |       |       |    22 |    91 ||   113
       Shock             |       |       |       |       |       |   230 ||   230
       Static Discharge  |       |       |       |       |       |    55 ||    55
       Apportation       |       |       |       |       |       |     1 ||     1
       Bolt of Magma     |       |       |       |       |       |     1 ||     1
       Passwall          |       |       |       |       |       |     1 ||     1
Invok: Call Merchant     |       |       |       |     1 |       |     4 ||     5
 Abil: Fly               |       |       |       |       |       |     1 ||     1
       Stop Flying       |       |       |       |       |       |     1 ||     1
Evoke: Wand              |       |       |       |    15 |     1 |     1 ||    17
       Tin of tremorston |       |       |       |       |     1 |       ||     1
       Phantom mirror    |       |       |       |       |       |     1 ||     1
  Use: Scroll            |     3 |     5 |     7 |    15 |     8 |    22 ||    60
       Potion            |       |       |     1 |     3 |     1 |     6 ||    11
 Stab: Sleeping          |     1 |     4 |     2 |     4 |       |       ||    11
       Distracted        |       |       |       |     2 |       |       ||     2
       Petrified         |       |       |       |     5 |       |       ||     5
Armor: Robe              |    42 |    66 |   128 |   129 |   127 |   158 ||   650
Dodge: Dodged            |    84 |   140 |   198 |   265 |   176 |   237 ||  1100
Block: Buckler           |       |       |       |    69 |    70 |       ||   139
       Kite shield       |       |       |       |       |    86 |   476 ||   562
       Reflection        |       |       |       |       |       |    60 ||    60

Table legend: (Time is in decaauts)
 A = Elapsed time spent in this place.
 B = Non-inter-level travel time spent in this place.
 C = Inter-level travel time spent in this place.
 D = Time resting spent in this place.
 E = Time spent auto-exploring this place.
 F = Levels seen in this place.
 G = Mean time per level.
                   A        B        C        D        E       F      G
               +--------+--------+--------+--------+--------+-----+--------+
         Total |  47925 |  43619 |   4306 |  17472 |  12744 |  31 | 1546.0 |
       Dungeon |  17563 |  15435 |   2128 |   4931 |   5134 |  13 | 1351.0 |
        Temple |    287 |    241 |     46 |      0 |    239 |   1 |  287.0 |
          Lair |  10939 |   9841 |   1098 |   3014 |   4308 |   6 | 1823.2 |
        Shoals |    658 |    636 |     22 |    414 |      0 |   1 |  658.0 |
     Snake Pit |  12006 |  11419 |    587 |   6701 |   1719 |   4 | 3001.5 |
  Orcish Mines |   3607 |   3305 |    302 |   1096 |    753 |   2 | 1803.5 |
   Elven Halls |   2758 |   2637 |    121 |   1316 |    552 |   2 | 1379.0 |
         Abyss |     60 |     60 |      0 |      0 |     39 |   1 |   60.0 |
    Desolation |     43 |     43 |      0 |      0 |      0 |   1 |   43.0 |
               +--------+--------+--------+--------+--------+-----+--------+

Top non-repeatable levels by time:
 Snake:4: 5073 daAuts
 Snake:1: 2887 daAuts
   Elf:1: 2525 daAuts
  Lair:4: 2387 daAuts
    D:12: 2370 daAuts
  Lair:6: 2176 daAuts
 Snake:2: 2160 daAuts
   Orc:2: 2120 daAuts
     D:2: 1985 daAuts
  Lair:1: 1971 daAuts
 Snake:3: 1885 daAuts
  Lair:3: 1683 daAuts
  Lair:2: 1510 daAuts
   Orc:1: 1486 daAuts
     D:6: 1405 daAuts
